 Dungeon Sprint DCSS version 0.23-a0-586-gacb4b3f (webtiles) character file.

1254 JosiahThimblerig the Cleaver (level 8, -2/79 HPs)
             Began as a Hill Orc Fighter on Dec 18, 2018.
             Was a Follower of Vehumet.
             Slain by a demonic crawler (7 damage)
             ... in the Dungeon (Sprint I: "Red Sonja").
             The game lasted 00:06:29 (1242 turns).

JosiahThimblerig the Cleaver (Hill Orc Fighter)     Turns: 1242, Time: 00:06:30

Health: -2/79      AC:  8    Str: 24    XL:     8   Next: 51%
Magic:  8/8        EV: 11    Int: 10    God:    Vehumet [*.....]
Gold:   275        SH: 12    Dex: 10    Spells: 7/7 levels left

rFire    . . .     SeeInvis .   a - +0 war axe
rCold    . . .     Gourm    .   c - +0 shield
rNeg     . . .     Faith    .   b - +0 scale mail
rPois    .         Spirit   .   (no helmet)
rElec    .         Reflect  .   (no cloak)
rCorr    .         Harm     .   (no gloves)
MR       .....     NoTele   +   (no boots)
Stlth    ..........             (no amulet)
HPRegen  0.23/turn              (no ring)
MPRegen  0.11/turn              (no ring)

@: mighty
A: no striking features
a: Renounce Religion


You were in the Dungeon.
You worshipped Vehumet.
Vehumet was aware of your devotion.
You were not hungry.

You visited 1 branch You collected 405 gold pieces.
You spent 130 gold pieces at shops.

Inventory:

Hand Weapons
 a - a +0 war axe (weapon)
 d - a +0 dagger
 h - a +0 scythe
 m - a +0 giant club
 n - a +0 dagger
Missiles
 p - 13 stones (quivered)
Armour
 b - a +0 scale mail (worn)
 c - a +0 shield (worn)
 g - a +0 robe
 j - a +0 robe
 l - a +0 leather armour
 q - a +0 robe
Scrolls
 k - a scroll of blinking
 o - 2 scrolls of identify {unknown}
Potions
 e - a potion of curing
 i - 2 potions of magic
Comestibles
 f - 2 rations


   Skills:
 + Level 10.2 Fighting
 + Level 12.0 Axes
 + Level 10.6 Armour
 + Level 4.2 Dodging
 + Level 2.0 Stealth
 + Level 9.6 Shields


You had 7 spell levels left.
You didn't know any spells.
Your spell library was empty.

Dungeon Overview and Level Annotations

Branches:
Dungeon (1/1)

Altars:
Cheibriados
Dithmenos
Elyvilon
Fedhas
Gozag
Hepliaklqana
Kikubaaqudgha
Makhleb
Nemelex Xobeh
Okawaru
Qazlal
Ru
Sif Muna
Trog
Uskayaw
Vehumet
Wu Jian
Xom
Yredelemnul
Zin
The Shining One
Jiyva
Lugonu

Shops:
D %


Message History

You block the demonic crawler's attack. The demonic crawler closely misses you.
You block the demonic crawler's attack.
You barely miss the demonic crawler.
Your scale mail prevents you from hitting the demonic crawler.
The demonic crawler hits you but does no damage.
The demonic crawler hits you!
* * * LOW HITPOINT WARNING * * *
The demonic crawler hits you but does no damage.
You block the demonic crawler's attack.
The demonic crawler hits you but does no damage.
The demonic crawler hits you.
* * * LOW HITPOINT WARNING * * *
Unknown command.
The demonic crawler closely misses you. The demonic crawler barely misses you.
The demonic crawler hits you.
* * * LOW HITPOINT WARNING * * *
You block the demonic crawler's attack. x2
The demonic crawler hits you but does no damage.
The demonic crawler hits you!
You die...

#####################
.'÷.#..'..#__#..@s..#
.#..'÷.#..'^.'..#ss.##+#
###'#####'#__####..s'..#
##..#...#.#### #####..+
_####..##.# ##
____##'#_.+ .∩...'..._#
..__##_.#'# ____###+#.#


You could see 4 demonic crawlers.

Vanquished Creatures
  2 kobold demonologists (D)
  A slime creature (D)
  Sigmund (D)
  A yak (D)
  A floating eye (D)
  An ogre (D)
  A jelly (D)
  Ijyb (D)
9 creatures vanquished.

Vanquished Creatures (others)
  A gargoyle (D)
1 creature vanquished.

Grand Total: 10 creatures vanquished

Notes
Turn   | Place    | Note
-------+----------+-------------------------------------------
     0 | D        | JosiahThimblerig the Hill Orc Fighter began the quest for
                  | the Orb.
     0 | D        | Reached XP level 1. HP: 19/19 MP: 1/1
     2 | D        | Noticed Ijyb
    35 | D        | Killed Ijyb
    35 | D        | Reached skill level 3 in Axes
    35 | D        | Reached XP level 2. HP: 13/28 MP: 2/2
    35 | D        | Reached XP level 3. HP: 16/35 MP: 3/3
   181 | D        | Killed a gargoyle
   307 | D        | Noticed an ogre
   312 | D        | Killed an ogre
   312 | D        | Reached skill level 5 in Axes
   312 | D        | Reached skill level 1 in Dodging
   312 | D        | Reached XP level 4. HP: 7/45 MP: 4/4
   667 | D        | Noticed Sigmund
   682 | D        | Killed Sigmund
   682 | D        | Reached skill level 7 in Axes
   682 | D        | Reached XP level 5. HP: 53/53 MP: 5/5
   682 | D        | Reached XP level 6. HP: 61/61 MP: 6/6
   721 | D        | Found an ornate altar of the Wu Jian Council.
   721 | D        | Found a deep blue altar of Sif Muna.
   723 | D        | Found a radiant altar of Vehumet.
   740 | D        | Became a worshipper of Vehumet
   755 | D        | Found Eshres's Food Emporium.
   755 | D        | Found an ancient bone altar of Kikubaaqudgha.
   755 | D        | Found a hazy altar of Hepliaklqana.
   755 | D        | Found a hide-covered altar of Uskayaw.
   755 | D        | Found a basalt altar of Yredelemnul.
   755 | D        | Found an opulent altar of Gozag.
   755 | D        | Found a snail-covered altar of Cheibriados.
   755 | D        | Found a sacrificial altar of Ru.
   755 | D        | Found a shadowy altar of Dithmenos.
   755 | D        | Noticed a yak
   766 | D        | Killed a yak
   766 | D        | Reached skill level 8 in Axes
   766 | D        | Reached XP level 7. HP: 62/69 MP: 7/7
   767 | D        | Found a stormy altar of Qazlal.
   767 | D        | Found a blossoming altar of Fedhas.
   767 | D        | Found a bloodstained altar of Trog.
   767 | D        | Found an iron altar of Okawaru.
   767 | D        | Found a glowing golden altar of the Shining One.
   767 | D        | Found a glowing silver altar of Zin.
   767 | D        | Found a white marble altar of Elyvilon.
  1170 | D        | Found a sparkling altar of Nemelex Xobeh.
  1174 | D        | Bought a ration for 65 gold pieces
  1174 | D        | Bought a ration for 65 gold pieces
  1188 | D        | Found a viscous altar of Jiyva.
  1188 | D        | Found a corrupted altar of Lugonu.
  1188 | D        | Noticed a slime creature
  1189 | D        | Found a burning altar of Makhleb.
  1189 | D        | Found a shimmering altar of Xom.
  1195 | D        | Killed a slime creature
  1195 | D        | Reached skill level 9 in Axes
  1195 | D        | Reached skill level 1 in Stealth
  1208 | D        | Noticed a kobold demonologist
  1209 | D        | Noticed a kobold demonologist
  1210 | D        | Noticed a chaos spawn
  1210 | D        | Noticed a smoke demon
  1213 | D        | Paralysed by a floating eye for 4 turns
  1217 | D        | Noticed a red devil
  1220 | D        | Paralysed by a floating eye for 2 turns
  1222 | D        | Noticed a rust devil
  1223 | D        | Killed a kobold demonologist
  1223 | D        | Reached * piety under Vehumet
  1223 | D        | Offered knowledge of Sandblast by Vehumet.
  1223 | D        | Reached skill level 10 in Axes
  1223 | D        | Reached skill level 10 in Armour
  1223 | D        | Reached XP level 8. HP: 15/79 MP: 8/8
  1223 | D        | Paralysed by a floating eye for 2 turns
  1227 | D        | Reached skill level 11 in Axes
  1230 | D        | Killed a kobold demonologist
  1230 | D        | Reached skill level 10 in Fighting
  1230 | D        | Reached skill level 12 in Axes
  1237 | D        | Noticed a demonic crawler
  1237 | D        | Noticed a demonic crawler
  1237 | D        | Noticed a demonic crawler
  1237 | D        | Noticed a demonic crawler
  1242 | D        | Slain by a demonic crawler

Vault maps used:
D:        dungeon_sprint_1

Skill      XL: |  1  2  3  4  5  6  7  8 |
---------------+-------------------------+-----
Fighting       | 4 6 7 8 9 10 | 10.2
Axes           | 3 5 7 8 10 12 | 12.0
Armour         | 4 6 7 9 10 | 10.6
Shields        | 4 6 7 8 9 |  9.6
Dodging        | 1 2 3 4 |  4.2
Stealth        | 1 2 |  2.0

Action                   |  1- 3 |  4- 6 |  7- 9 || total
-------------------------+-------+-------+-------++-------
Melee: War axe           |    38 |    26 |    21 ||    85
  Use: Potion            |       |     2 |     2 ||     4
  Eat: Ration            |       |       |     1 ||     1
Armor: Scale mail        |    17 |     5 |    21 ||    43
Dodge: Dodged            |    13 |     5 |     9 ||    27
Block: Shield            |    12 |     8 |    12 ||    32

Table legend:
 A = Non-vault XP
 B = Vault XP
 C = Vault XP percentage of total XP
 D = Non-vault monster count
 E = Vault monster count
 F = Vault count percentage of total count
                 A         B        C        D         E       F
            +---------+---------+-------+---------+---------+-------
      Total |       0 |    1792 | 100.0 |       0 |       9 | 100.0
            +---------+---------+-------+---------+---------+-------
          D |       0 |    1792 | 100.0 |       0 |       9 | 100.0
            +---------+---------+-------+---------+---------+-------
